 Dungeon Crawl Stone Soup version 0.18-a0-1730-g73f0523 (webtiles) character file.

591 4thArraOfDagon the Cleaver (level 7, 0/93 HPs)
             Began as a Hill Orc Berserker on Apr 10, 2016.
             Was a Believer of Trog.
             Slain by Chiseanne's ghost (13 damage)
             ... on level 6 of the Dungeon.
             The game lasted 00:04:18 (853 turns).

4thArraOfDagon the Cleaver (Hill Orc Berserker)      Turns: 853, Time: 00:04:19

Health: 0/93       AC:  4    Str: 27    XL:     7   Next: 39%
Magic:  7/7        EV: 12    Int:  7    God:    Trog [**....]
Gold:   174        SH:  0    Dex: 10    Spells: 0 memorised, 6 levels left

rFire  . . .     SeeInvis .     j - +2 war axe (vamp)
rCold  . . .     Gourm    .     b - +0 animal skin
rNeg   . . .     Faith    .     (no shield)
rPois  .         Spirit   .     (no helmet)
rElec  .         Dismiss  .     k - +0 cloak
rCorr  .         Reflect  .     (no gloves)
SustAt .         Harm     .     d - +0 pair of boots
MR     +++..                    (no amulet)
Stlth  ..........               (no ring)
                                l - ring of protection from magic

@: berserking, regenerating, very quick, extremely resistant to hostile
enchantments, extremely unstealthy
A: no striking features
a: Berserk, Trog's Hand, Burn Spellbooks, Renounce Religion


You were on level 6 of the Dungeon.
You worshipped Trog.
Trog was pleased with you.
You were not hungry.

You visited 1 branch of the dungeon, and saw 6 of its levels.

You collected 174 gold pieces.

Inventory:

Hand Weapons
 j - a +2 vampiric war axe (weapon)
Armour
 b - a +0 animal skin (worn)
 d - a +0 pair of boots (worn)
 k - a +0 cloak (worn)
Jewellery
 l - a ring of protection from magic (left hand)
Scrolls
 e - a scroll of fog {unknown}
 f - a scroll of immolation {unknown}
 g - a scroll of amnesia
 i - a scroll of magic mapping {unknown}
 m - a scroll of identify {unknown}
 n - a scroll of blinking {unknown}
Potions
 a - 2 potions of ambrosia {unknown}
Comestibles
 c - 4 chunks of flesh
 h - 2 meat rations


   Skills:
 + Level 5.7 Fighting
 * Level 8.3 Axes
 + Level 4.6 Armour
 - Level 1.5 Dodging


You had 6 spell levels left.
You didn't know any spells.

Dungeon Overview and Level Annotations

Branches:
Dungeon (6/15)             Temple (0/1) D:6

Altars:
Ashenzari
Cheibriados
Gozag
Pakellas
Zin

Annotations:
D:6 Chiseanne's ghost, novice TrMo


Message History

Okay, then.
Unknown command.
A red film seems to cover your vision as you go berserk!
You feel yourself moving faster!
You feel mighty!
You feel somewhat more hungry. The hound bites you. Chiseanne's ghost hits you!
Unknown command.
You closely miss the hound.
The hound is heavily wounded.
You hit Chiseanne's ghost.
Chiseanne's ghost is lightly damaged.
The hound bites you. Chiseanne's ghost hits you!!
* * * LOW HITPOINT WARNING * * *
Unknown command.
You slash the hound!
You feel better.
You kill the hound!
Trog accepts your kill.
You slash Chiseanne's ghost!
Chiseanne's ghost is lightly damaged.
Chiseanne's ghost hits you!
You die...

#########..# ####.###.#
......##..####........#
#..............##.....#
##.###.##..###..######)#
####...#.....<#
#..######.######
..........##.##
#...............
#.......###.#
#..######.######
#........##.####.....#...#
#...#........W@r..## #.#.#
#.. ##...#.#####.## #'###
#. ##.#...# #.# #.....#
#...#..# #. #.⌠.⌠.#
#..#....$. .. '..>..+
#.#...#..### #.⌠.⌠.#
####.##..# #.....# # #W.#
###+###


You could see Chiseanne's ghost and a quokka.

Vanquished Creatures
  A sky beast (D:6)
  A black bear (D:6)
  A centaur (D:6)
  A giant frog (D:6)
  A scorpion (D:6)
  A hound (D:6)
  An orc priest (D:6)
  An orc wizard (D:6)
  2 worker ants (D:5)
  2 adders
  4 gnolls (D:5)
  A shadow imp (D:5)
  A dart slug (D:1)
  A giant gecko (D:6)
  8 orcs
  2 bats
  A goblin (D:3)
  A hobgoblin (D:1)
  A quokka (D:4)
  A giant newt (D:2)
  3 kobolds
  A quokka zombie (D:6)
37 creatures vanquished.

Vanquished Creatures (others)
  2 draconians (D:1)
  A vine stalker (D:1)
  2 gargoyles (D:1)
  An elf (D:1)
  A troll (D:1)
  A spriggan (D:1)
  2 humans (D:1)
  2 mummies (D:1)
  4 tentacles (D:1)
  9 tentacle segments (D:1)
25 creatures vanquished.

Grand Total: 62 creatures vanquished

Notes
Turn   | Place    | Note
--------------------------------------------------------------
     0 | D:1      | 4thArraOfDagon the Hill Orc Berserker began the quest for the Orb.
     0 | D:1      | Reached XP level 1. HP: 19/19 MP: 1/1
     0 | D:1      | Noticed a gargoyle
     0 | D:1      | Noticed a human
     0 | D:1      | Noticed a draconian
     0 | D:1      | Noticed a spriggan
     0 | D:1      | Noticed a kraken
     0 | D:1      | Noticed a troll
     0 | D:1      | Noticed a gargoyle
     0 | D:1      | Noticed an elf
     0 | D:1      | Noticed a vine stalker
     0 | D:1      | Noticed a draconian
     0 | D:1      | Noticed a human
     4 | D:1      | Killed a draconian
     5 | D:1      | Killed a human
     6 | D:1      | Killed a gargoyle
     8 | D:1      | Killed an elf
     8 | D:1      | Killed a gargoyle
     8 | D:1      | Killed a human
     9 | D:1      | Killed a troll
    11 | D:1      | Killed a spriggan
    11 | D:1      | Killed a vine stalker
    13 | D:1      | Killed a draconian
    62 | D:3      | Found a snail-covered altar of Cheibriados.
   108 | D:2      | Reached XP level 2. HP: 27/27 MP: 2/2
   145 | D:2      | Found an oddly glowing altar of Pakellas.
   145 | D:2      | Noticed a rakshasa
   211 | D:4      | Found a shattered altar of Ashenzari.
   222 | D:4      | Reached XP level 3. HP: 33/33 MP: 3/3
   274 | D:5      | Entered Level 5 of the Dungeon
   285 | D:5      | Reached skill level 5 in Axes
   369 | D:6      | Noticed Chiseanne's ghost (novice TrMo)
   399 | D:6      | Noticed a black bear
   404 | D:6      | Killed a black bear
   404 | D:6      | Reached skill level 6 in Axes
   404 | D:6      | Reached XP level 4. HP: 41/41 MP: 4/4
   404 | D:6      | Reached XP level 5. HP: 47/47 MP: 5/5
   461 | D:6      | Found an opulent altar of Gozag.
   461 | D:6      | Noticed a centaur
   470 | D:6      | Killed a centaur
   473 | D:6      | Reached skill level 5 in Fighting
   473 | D:6      | Reached XP level 6. HP: 36/56 MP: 6/6
   494 | D:6      | Reached skill level 7 in Axes
   515 | D:6      | Found a staircase to the Ecumenical Temple.
   528 | D:6      | Noticed a sky beast
   569 | D:5      | Reached ** piety under Trog
   762 | D:6      | Found a glowing silver altar of Zin.
   814 | D:6      | Killed a sky beast
   814 | D:6      | Reached skill level 8 in Axes
   814 | D:6      | Reached XP level 7. HP: 56/61 MP: 7/7
   853 | D:6      | Slain by Chiseanne's ghost

Vault maps used:
D:1:      nicolae_arrival_kraken_aquarium_a, minmay_misc_feat_ornament
D:2:      marbit_many_paths, gammafunk_pakellas_cloud_experiment,
          uniq_crazy_yiuf_cottage, uniq_sigmund
D:3:      cheibriados_altar_1, uniq_robin
D:4:      vehumet_altar_wand_db, lemuel_crystal_altar, minmay_cut_off,
          uniq_edmund, uniq_blork_the_orc
D:5:      first_bread
D:6:      overflow_temple_1_default, zin_treasury, minmay_temple_entry_hall

Skill      XL: |  1  2  3  4  5  6 |
---------------+-------------------+-----
Fighting       | 4 5 |  5.7
Axes           | 6 8 |  8.3
Armour         | 3 4 |  4.6
Dodging        | |  1.5

Action                   |  1- 3 |  4- 6 |  7- 9 || total
-------------------------+-------+-------+-------++-------
Melee: Hand axe          |    23 |       |       ||    23
       War axe           |     9 |    42 |    19 ||    70
Invok: Berserk           |     4 |     3 |     1 ||     8
       Trog's Hand       |       |       |     1 ||     1
  Use: Scroll            |     3 |       |       ||     3
 Stab: Sleeping          |     1 |       |       ||     1
  Eat: Chunk             |     2 |     5 |       ||     7
       Bread ration      |     1 |       |       ||     1
